 Dungeon Crawl Stone Soup version 0.31.0-11-ge490571c62 (webtiles) character file.

Game seed: 12893871235154867475

93 Gadfly the Insei (level 4, 0/35 HPs)
             Began as a Demonspawn Monk on Feb 2, 2024.
             Slain by a crocodile (1 damage)
             ... in a sewer.
             The game lasted 00:05:17 (2553 turns).

Gadfly the Insei (Demonspawn Monk)                  Turns: 2553, Time: 00:05:17

Health: 0/35       AC:  2    Str: 13    XL:     4   Next: 37%
Magic:  4/4        EV: 13    Int: 11    God:
Gold:   146        SH:  0    Dex: 15    Spells: 3/3 levels left

rFire   . . .        b - +1 dagger (venom)
rCold   . . .        c - orb {light}
rNeg    . . .        a - +0 robe
rPois   .            (helmet restricted)
rElec   .            (no cloak)
rCorr   .            (no gloves)
SInv    .            (no boots)
Will    .....        (no amulet)
Stlth   +            (no ring)
HPRegen 0.25/turn    (no ring)
MPRegen 0.09/turn

%: no passive effects
@: glowing, very slow
A: antennae 2
a: no special abilities


You were in a sewer.
You visited 1 branch of the dungeon, and saw 3 of its levels.
You also visited: Sewer.

You collected 146 gold pieces.

Inventory:

Hand Weapons
 b - a +1 dagger of venom (weapon)
Armour
 a - a +0 robe (worn)
 c - an orb of light (worn)
Scrolls
 e - a scroll of poison
Potions
 d - 2 potions of curing {unknown}
 f - a potion of ambrosia
 g - a potion of might {unknown}
 h - a potion of heal wounds {unknown}
 i - a potion of resistance


   Skills:
 - Level 3.0 Fighting
 + Level 3.0 Dodging
 * Level 3.3 Unarmed Combat
 * Level 1.9 Evocations
 * Level 1.6 Shapeshifting


You had 3 spell levels left.
You didn't know any spells.
Your spell library contained the following spells:

 Spells                   Type           Power      Damage    Failure   Level
 Sting                    Conj/Alch      0%         1d3       34%         1
 Mercury Vapours          Alch/Air       0%         N/A       47%         2
 Call Canine Familiar     Summ           0%         N/A       71%         3
 Sigil of Binding         Hex            0%         N/A       71%         3
 Dimensional Bullseye     Hex/Tloc       0%         N/A       98%         4
 Olgreb's Toxic Radiance  Alch           0%         N/A       98%         4


Dungeon Overview and Level Annotations

Branches:
Dungeon (3/15)              Sewer (1/1)

Altars:
Hepliaklqana
Sif Muna


Innate Abilities, Weirdness & Mutations

You have a pair of antennae on your head.


Message History

You barely miss the crocodile. The crocodile barely misses you.
You hit the crocodile.
The crocodile is poisoned.
The crocodile is lightly wounded.
The crocodile barely misses you.
Your unstable footing causes you to fumble your attack.
The crocodile bites you! The crocodile drags you backwards!
Splash!
Found a potion of resistance.
You are too injured to fight recklessly!
You are too injured to fight recklessly!
You are too injured to fight recklessly!
You are too injured to fight recklessly!
You are too injured to fight recklessly!
You are too injured to fight recklessly!
You are too injured to fight recklessly!
You are too injured to fight recklessly!
You are too injured to fight recklessly!
You are too injured to fight recklessly!
You are too injured to fight recklessly!
You are too injured to fight recklessly!
You are too injured to fight recklessly!
You are too injured to fight recklessly!
You are too injured to fight recklessly!
You are too injured to fight recklessly!
You are too injured to fight recklessly!
You are too injured to fight recklessly!
Unknown command.
You closely miss the crocodile.
The crocodile is lightly wounded.
The crocodile barely misses you.
Your unstable footing causes you to fumble your attack.
The crocodile misses you.
You hit the crocodile.
The crocodile looks as sick as possible!
The crocodile is moderately wounded.
The crocodile bites you!
* * * LOW HITPOINT WARNING * * *
Okay, then.
The crocodile bites you.
You die...

###### ### ##......##
#?$ ###...~~..~..###
#(~##~...~ #.~~~.###
###.~~~.# #...~.#
#.....~## ##..~.~
#~l@..### ###...~.#
#(.##~...~####~.~~.###
#! ###..........### #
###.~....### ########


You could see a crocodile (extremely poisoned).

Vanquished Creatures
  2 adders (D:3)
  5 ribbon worms
  An orc (D:3)
  6 bats
  3 endoplasms
  5 giant cockroaches (D:1)
  3 goblins
  3 hobgoblins (D:1)
  4 jackals (Sewer)
  6 kobolds
  5 quokkas
  4 ball pythons
  2 frilled lizards
  8 rats
57 creatures vanquished.

Notes
Turn   | Place    | Note
-------+----------+-------------------------------------------
     0 | D:1      | Gadfly the Demonspawn Monk began the quest for the Orb.
     0 | D:1      | Reached XP level 1. HP: 18/18 MP: 1/1
   265 | D:1      | Gained mutation: You have a pair of small antennae on your
                  | head. [demonic ancestry]
   265 | D:1      | Reached XP level 2. HP: 22/24 MP: 2/2
   619 | D:1      | Reached skill level 1 in Evocations
   787 | D:1      | Reached skill level 1 in Shapeshifting
   833 | D:1      | Gained mutation: You have a pair of antennae on your head.
                  | [demonic ancestry]
   833 | D:1      | Reached XP level 3. HP: 29/29 MP: 3/3
  1834 | D:2      | Found a faded altar of an unknown god.
  2072 | D:3      | Found a hazy altar of Hepliaklqana.
  2097 | D:3      | Found a shimmering blue altar of Sif Muna.
  2206 | D:3      | Reached XP level 4. HP: 30/35 MP: 4/4
  2342 | D:3      | Found a glowing drain.
  2351 | Sewer    | Entered a sewer
  2543 | Sewer    | Noticed a crocodile
  2552 | Sewer    | HP: 1/35 [crocodile (17)]
  2553 | Sewer    | Slain by a crocodile

Illustrated notes

Levels and vault maps discovered:
D:1:      dpeg_arrival_rooms_with_view, layout_loops_corners
D:2:      layout_loops_cross, hellmonk_ecumenical_altar_run_dry, nrook_uturn
D:3:      layout_loops_ring, old_standard_altar, mainiacjoe_overflow_24_doors,
          gup_sewer_entry_bubbles, chequers_arboretum, uniq_jessica, uniq_ijyb
Sewer:    sewer_the_crocodile

Skill      XL: |  1  2  3 |
---------------+----------+-----
Unarmed Combat | 3 |  3.3
Evocations     | 1 |  1.9
Shapeshifting  | 1 |  1.6
Dodging        | 3 |  3.0
Fighting       | |  3.0

Action                     |  1- 3 |  4- 6 || total
---------------------------+-------+-------++-------
  Melee: Unarmed           |   149 |       ||   149
         Dagger            |    18 |    53 ||    71
    Use: Scroll            |    10 |       ||    10
 Armour: Robe              |    63 |    36 ||    99
  Dodge: Dodged            |   100 |    23 ||   123
